 Dungeon Crawl Stone Soup version 0.19.1 (webtiles) character file.

17771 Host24 the Fighter (level 12, 0/82 HPs)
             Began as a Kobold Hunter on Dec 26, 2016.
             Was the Champion of Okawaru.
             Slain by a komodo dragon (9 damage)
             ... on level 4 of the Lair of Beasts.
             The game lasted 00:39:49 (12308 turns).

Host24 the Fighter (Kobold Hunter)                 Turns: 12308, Time: 00:39:49

Health: 0/82       AC: 17    Str: 10    XL:     12   Next: 86%
Magic:  12/12      EV:  3    Int: 12    God:    Okawaru [******]
Gold:   647        SH:  0    Dex: 23    Spells: 0 memorised, 11 levels left

rFire  . . .     SeeInvis +     o - +4 demon blade (elec)
rCold  . . .     Gourm    .     T - +5 ring mail of Darkness {+Blink Regen+ Dex+3}
rNeg   + + +     Faith    .     (shield restricted)
rPois  ∞         Spirit   .     J - +0 helmet
rElec  .         Reflect  .     U - +0 cloak
rCorr  .         Harm     .     V - +1 pair of gloves
MR     .....                    R - +0 pair of boots
Stlth  ++........               (no amulet)
                                A - ring of positive energy
                                k - ring of see invisible

@: petrified
A: carnivore 3
a: Heroism, Finesse, Renounce Religion, Evoke Blink


You were on level 4 of the Lair of Beasts.
You worshipped Okawaru.
Okawaru was exalted by your worship.
You were completely stuffed.

You visited 3 branches of the dungeon, and saw 14 of its levels.
You also visited: Sewer.

You collected 647 gold pieces.

Inventory:

Hand Weapons
 a - a +1 hand crossbow
 b - a +0 war axe of electrocution
 o - a +4 demon blade of electrocution (weapon)
 O - the +9 trident "Tasyppik" {flame, rN++}
   (You found it on level 5 of the Dungeon)

   It has been specially enchanted to burn those struck by it, causing extra
   injury to most foes and up to half again as much damage against particularly
   susceptible opponents.
   It greatly protects you from negative energy.
 Q - the +9 spear of the Middle {speed, rPois Int+2}
   (You found it on level 6 of the Dungeon)

   Attacks with this weapon are significantly faster.
   It affects your intelligence (+2).
   It protects you from poison.
Missiles
 d - 203 bolts
 h - 72 stones (quivered)
 i - 21 sling bullets
 y - 15 arrows
Armour
 J - a +0 helmet (worn)
 R - a +0 pair of boots (worn)
 T - the +5 ring mail of Darkness (worn) {+Blink Regen+ Dex+3}
   (You found it on level 7 of the Dungeon)

   It affects your dexterity (+3).
   It lets you blink.
   It increases your rate of regeneration.
 U - a +0 cloak (worn)
 V - a +1 pair of gloves (worn)
Jewellery
 k - a ring of see invisible (left hand)
 l - a cursed -3 ring of evasion {unknown}
 m - an uncursed ring of flight {unknown}
 A - a ring of positive energy (right hand)
Wands
 B - a wand of digging (13/24)
 H - a wand of teleportation (5/9)
Scrolls
 e - 2 scrolls of noise {unknown}
 f - a scroll of remove curse
 n - a scroll of enchant armour {unknown}
 s - a scroll of blinking {unknown}
 t - a scroll of identify
 v - 2 scrolls of fog
 w - a scroll of vulnerability {unknown}
 x - 5 scrolls of fear
 z - 2 scrolls of teleportation {unknown}
 G - a scroll of magic mapping {unknown}
 I - 3 scrolls of random uselessness
 N - 2 scrolls of amnesia {unknown}
 X - 2 scrolls of enchant weapon {unknown}
Potions
 c - a potion of cancellation {unknown}
 g - a potion of lignification {unknown}
 p - 3 potions of might {unknown}
 q - 3 potions of degeneration {unknown}
 r - 5 potions of heal wounds {unknown}
 C - a potion of flight {unknown}
 D - a potion of berserk rage {unknown}
 E - 2 potions of magic {unknown}
 F - 13 potions of curing
 K - a potion of agility {unknown}
 M - 4 potions of brilliance {unknown}
 P - 2 potions of mutation {unknown}
 W - a potion of beneficial mutation {unknown}
Comestibles
 j - a royal jelly
 u - 7 meat rations


   Skills:
 - Level 12.3 Fighting
 - Level 7.0 Polearms
 - Level 9.5 Crossbows
 - Level 6.0 Armour
 + Level 11.8 Dodging
 - Level 1.3 Stealth
   Level 3.2 Shields


You had 11 spell levels left.
You didn't know any spells.

Dungeon Overview and Level Annotations

Branches:
Dungeon (9/15)             Temple (1/1) D:5            Lair (4/6) D:8
 Shoals (0/4) Lair:2       Spider (0/4) Lair:3
    Orc: D:9-12

Altars:
Ashenzari
Cheibriados
Dithmenos
Elyvilon
Fedhas
Gozag
Hepliaklqana
Kikubaaqudgha
Makhleb
Nemelex Xobeh
Okawaru
Qazlal
Ru
Sif Muna
Trog
Uskayaw
Vehumet
Xom
Yredelemnul
Zin
The Shining One

Annotations:
D:8 Maurice
D:9 Host24's ghost, journeyman KoHu


Innate Abilities, Weirdness & Mutations

You are small and have problems with some larger weapons.
You are carnivorous and can eat meat at any time.


Message History

* * * LOW HITPOINT WARNING * * *
You are engulfed in calcifying dust.
The catoblepas breathes a plume of calcifying dust at you.
The blast of calcifying dust hits you!
* * * LOW HITPOINT WARNING * * *
You are engulfed in calcifying dust.
The komodo dragon is no longer petrified.
The catoblepas breathes a plume of calcifying dust at you.
The blast of calcifying dust hits you!
You are engulfed in calcifying dust.
The komodo dragon seems to regain its courage.
The catoblepas gores you!
* * * LOW HITPOINT WARNING * * *
The komodo dragon bites you!
* * * LOW HITPOINT WARNING * * *
The catoblepas gores you.
The komodo dragon bites you but does no damage.
The catoblepas gores you but does no damage.
The komodo dragon bites you!!
You die...

...............†).†#.........
............#...###..........
...
.<........>...♣.#............
..
##.#...#.#.#+#.#.....##.#P##
.## ##..###.....#...########.
.. #.....#####......# ##. .#
#....## ###...P# ##.. .##
###...#### ##.... #... ).#
#.#§.#Y@# #P...## ##.. ..##
####..l## #...# ###... ...#
#.#...####§..####...#. ..##
##.#..(Y##...##....###
...#### ####.YY(.........##
..Y.#.# ##..Y(......###
#..Y..# #.###.(..#.##
##....## ####..(..###
##....## ##...(P#


You could see a catoblepas and a komodo dragon.

Vanquished Creatures
  A hydra (Lair:2)
  Urug (Lair:3)
  A black mamba (Lair:4)
  7 spiny frogs
  4 komodo dragons
  A jumping spider (Lair:3)
  A polar bear (Lair:2)
  Prince Ribbit (D:8)
  5 blink frogs (Lair:3)
  3 hippogriffs
  6 dream sheep (Lair:4)
  29 yaks
  2 wyverns
  A human (D:7)
  A basilisk (Lair:4)
  Eustachio (D:4)
  2 hogs (D:7)
  4 water moccasins
  9 porcupines
  2 phantoms
  An ice beast (D:6)
  2 black bears
  2 slaves
  3 ogres
  9 wolves
  5 crocodiles
  The ghost of Host24 the Bolt Thrower, an amateur KoHu (D:3)
  A big kobold (D:8)
  4 bullfrogs
  Blork the orc (D:4)
  A wyvern skeleton (D:9)
  A water moccasin skeleton (D:9)
  3 scorpions
  2 howler monkeys (D:8)
  An electric eel (Lair:2)
  A crimson imp (D:5)
  A quasit (D:7)
  A hound (D:4)
  3 jellies
  3 bullfrog skeletons
  4 orc priests
  2 iguanas
  3 orc wizards
  4 worker ants
  2 worker ant zombies (D:8)
  12 adders
  4 gnolls (D:7)
  2 river rats
  2 shadow imps
  2 oozes
  An adder skeleton (D:8)
  2 worms
  5 dart slugs
  6 leopard geckos
  36 orcs
  4 ball pythons
  7 bats
  2 bat zombies (D:3)
  5 giant cockroaches
  2 goblins
  8 hobgoblins
  19 jackals
  7 kobolds
  A quokka (D:7)
  12 frilled lizards
  2 jackal zombies
  A leopard gecko zombie (D:7)
  A quokka skeleton (D:5)
  16 rats
  2 rat zombies (D:3)
  A fungus (Lair:2)
305 creatures vanquished.

Vanquished Creatures (others)
  4 fungi
  3 plants
7 creatures vanquished.

Grand Total: 312 creatures vanquished

Notes
Turn   | Place    | Note
-------+----------+-------------------------------------------
     0 | D:1      | Host24 the Kobold Hunter began the quest for the Orb.
     0 | D:1      | Reached XP level 1. HP: 12/12 MP: 1/1
   110 | D:1      | Reached XP level 2. HP: 9/18 MP: 2/2
   118 | D:1      | Reached skill level 3 in Fighting
  1267 | D:1      | Reached XP level 3. HP: 23/23 MP: 3/3
  1511 | D:2      | Reached skill level 4 in Fighting
  1598 | D:2      | Reached XP level 4. HP: 25/29 MP: 4/4
  2617 | D:3      | Found an ancient bone altar of Kikubaaqudgha.
  2720 | D:3      | Reached XP level 5. HP: 20/33 MP: 5/5
  2950 | D:3      | Reached skill level 5 in Dodging
  3024 | D:3      | Noticed Host24's ghost (amateur KoHu)
  3397 | D:3      | Killed Host24's ghost
  3397 | D:3      | Reached skill level 5 in Fighting
  3397 | D:3      | Reached XP level 6. HP: 31/40 MP: 6/6
  3465 | D:4      | Noticed Blork the orc
  3472 | D:4      | Killed Blork the orc
  3472 | D:4      | Reached skill level 6 in Fighting
  3472 | D:4      | Reached XP level 7. HP: 33/46 MP: 7/7
  3516 | D:4      | Found a shimmering altar of Xom.
  3713 | D:4      | Noticed Eustachio
  3720 | D:4      | Got an ichor-stained chain mail
  3739 | D:4      | Killed Eustachio
  3739 | D:4      | Reached skill level 7 in Fighting
  3818 | D:4      | Found a glowing drain.
  3836 | Sewer    | Entered a sewer
  4514 | D:4      | Reached skill level 8 in Fighting
  4718 | D:5      | Entered Level 5 of the Dungeon
  4730 | D:5      | Identified the +6 chain mail of the Lair of Beasts {rN+ rCorr Stlth+} (You found it on level 4 of the Dungeon)
  4755 | D:5      | Found a staircase to the Ecumenical Temple.
  4772 | Temple   | Entered the Ecumenical Temple
  4952 | Temple   | Became a worshipper of Warmaster Okawaru
  5058 | D:5      | Reached skill level 5 in Crossbows
  5058 | D:5      | Reached XP level 8. HP: 45/54 MP: 8/8
  5301 | D:5      | Got a bloodstained trident
  5310 | D:5      | Identified the +9 trident "Tasyppik" {flame, rN++} (You found it on level 5 of the Dungeon)
  5355 | D:5      | Found a snail-covered altar of Cheibriados.
  5355 | D:5      | Found a faded altar of an unknown god.
  5365 | D:5      | Found a faded altar of an unknown god.
  5372 | D:5      | Found a faded altar of an unknown god.
  5373 | D:5      | Found a faded altar of an unknown god.
  5460 | D:5      | Reached * piety under Okawaru
  5895 | D:6      | Got a steaming spear
  5928 | D:6      | Identified the +9 spear of the Middle {speed, rPois Int+2} (You found it on level 6 of the Dungeon)
  6430 | D:7      | Reached XP level 9. HP: 56/59 MP: 9/9
  6797 | D:7      | Reached ** piety under Okawaru
  6824 | D:7      | Identified the +5 ring mail of Darkness {+Blink Regen+ Dex+3} (You found it on level 7 of the Dungeon)
  6921 | D:7      | Reached *** piety under Okawaru
  6921 | D:7      | Reached skill level 1 in Armour
  7021 | D:7      | Found a glowing silver altar of Zin.
  7021 | D:7      | Found a blossoming altar of Fedhas.
  7385 | D:8      | Noticed Prince Ribbit
  7410 | D:8      | Killed Prince Ribbit
  7410 | D:8      | Reached skill level 9 in Fighting
  7410 | D:8      | Reached XP level 10. HP: 66/66 MP: 10/10
  7450 | D:8      | Noticed Maurice
  7627 | D:8      | Noticed a komodo dragon
  7630 | D:8      | Found a staircase to the Lair.
  7643 | D:8      | Killed a komodo dragon
  8158 | D:9      | Found a blossoming altar of Fedhas.
  8226 | D:9      | Found a shattered altar of Ashenzari.
  8261 | D:9      | Reached **** piety under Okawaru
  8261 | D:9      | Reached skill level 10 in Fighting
  8384 | D:9      | Found a snail-covered altar of Cheibriados.
  8407 | D:9      | Noticed Host24's ghost (journeyman KoHu)
  8480 | D:8      | Reached skill level 10 in Dodging
  8540 | Lair:1   | Entered Level 1 of the Lair of Beasts
  8627 | Lair:1   | Received a gift from Okawaru
  9003 | Lair:1   | Noticed a spiny frog
  9014 | Lair:1   | Killed a spiny frog
  9014 | Lair:1   | Reached XP level 11. HP: 57/72 MP: 11/11
  9348 | Lair:2   | Received a gift from Okawaru
  9348 | Lair:2   | Reached skill level 5 in Polearms
  9418 | Lair:2   | Found a staircase to the Shoals.
  9531 | Lair:2   | Received a gift from Okawaru
  9708 | Lair:2   | Noticed a four-headed hydra
  9717 | Lair:2   | Killed a four-headed hydra
  9763 | Lair:2   | Reached ***** piety under Okawaru
  9790 | Lair:2   | Reached skill level 5 in Armour
 10026 | Lair:2   | Received a gift from Okawaru
 10252 | Lair:2   | Received a gift from Okawaru
 10485 | Lair:3   | Noticed Urug
 10541 | Lair:3   | Killed Urug
 10541 | Lair:3   | Reached skill level 11 in Fighting
 10629 | Lair:3   | Reached XP level 12. HP: 80/80 MP: 12/12
 10647 | Lair:3   | Received a gift from Okawaru
 11049 | Lair:3   | Reached skill level 12 in Fighting
 11082 | Lair:3   | Received a gift from Okawaru
 11279 | Lair:3   | Found a hole to the Spider Nest.
 11554 | Lair:4   | Received a gift from Okawaru
 11933 | Lair:4   | Noticed a catoblepas
 12111 | Lair:4   | Received a gift from Okawaru
 12151 | Lair:4   | Reached ****** piety under Okawaru
 12308 | Lair:4   | Slain by a komodo dragon

Skill      XL: |  1  2  3  4  5  6  7  8  9 10 11 12 |
---------------+-------------------------------------+-----
Fighting       | 3 4 5 6 8 9 10 11 12 | 12.3
Dodging        | 4 5 8 9 11 | 11.8
Crossbows      | 5 6 7 8 9 |  9.5
Polearms       | 3 4 6 7 |  7.0
Armour         | 2 3 5 6 |  6.0
Shields        | 3 |  3.2
Stealth        | |  1.3

Action                   |  1- 3 |  4- 6 |  7- 9 | 10-12 || total
-------------------------+-------+-------+-------+-------++-------
Melee: Short sword       |   131 |   103 |       |       ||   234
       Hand axe          |       |    32 |   182 |    24 ||   238
       Trident           |       |       |    52 |     8 ||    60
       Spear             |       |       |   200 |   758 ||   958
       War axe           |       |       |       |    17 ||    17
       Demon blade       |       |       |       |     9 ||     9
 Fire: Hand crossbow     |       |    24 |    19 |    42 ||    85
Throw: Stone             |       |       |       |     5 ||     5
  Use: Scroll            |       |       |    10 |     6 ||    16
 Stab: Sleeping          |     3 |     5 |     4 |     1 ||    13
       Distracted        |       |       |       |     1 ||     1
       Petrified         |       |       |       |     3 ||     3
  Eat: Chunk             |    11 |     6 |    13 |    16 ||    46
Armor: Leather armour    |    27 |    33 |    33 |       ||    93
       Chain mail        |       |       |   120 |       ||   120
       Ring mail         |       |       |    14 |   147 ||   161
Dodge: Dodged            |   107 |   150 |   252 |   549 ||  1058
Block: Buckler           |       |       |       |    24 ||    24
       Rpst.: Demon blade |       |       |       |     2 ||     2
